Map: [ESL] Alcyone

Players

Spirit - Winner!

  • Race: Terran Terran
  • Spawn Location: 1:00

Solar

  • Race: Zerg Zerg
  • Spawn Location: 7:00

Event: IEM Katowice 2024

VOD

Have the link to the VOD?

Description

Time

  • Played on: Feb. 10, 2024, 5:28 a.m.
  • Length: 27:50

All games in this series

Show
View Real Time Build Order
Export as new Build Order

Spirit Terran - Winner!

Build Orders: Command Center First, Hellion Banshee 

Get SALT Encoding   

  12  0:00  SCV  
  13  0:12  SCV  
  14  0:17  Supply Depot  
  14  0:24  SCV  
  15  0:38  SCV  
  16  0:50  SCV  
  17  0:59  Command Center  
  17  1:02  SCV  
  18  1:12  Barracks  
  18  1:16  SCV  
  19  1:21  Refinery  
  19  1:28  SCV  
  19  1:30  Refinery  
  20  1:40  SCV  
  21  1:52  SCV  
  22  2:00  Reaper  
  23  2:04  Orbital Command  
  23  2:10  Orbital Command  
  23  2:20  Factory  
  23  2:25  Supply Depot  
  23  2:30  SCV  
  23  2:34  Barracks Reactor  
  24  2:37  SCV  
  24  2:42  SCV  
  26  2:49  SCV  
  27  2:54  SCV  
  27  2:58  Command Center  
  28  3:01  SCV  
  29  3:05  Starport  
  29  3:08  SCV  
  30  3:13  SCV  
  30  3:14  Hellion  
  30  3:17  Hellion  
  35  3:20  SCV  
  35  3:21  Barracks Tech Lab, Supply Depot  
  35  3:26  SCV  
  37  3:32  SCV  
  38  3:38  Hellion x2, SCV  
  43  3:44  SCV  
  43  3:47  Banshee  
  47  3:49  Cloaking Field  
  47  3:50  SCV  
  48  3:56  SCV  
  48  3:58  Barracks Tech Lab  
  48  4:01  Hellion  
  48  4:02  Hellion  
  53  4:03  SCV  
  53  4:09  SCV  
  55  4:10  Orbital Command  
  55  4:15  SCV  
  55  4:16  Stimpack, Marine  
  57  4:22  SCV  
  58  4:27  Supply Depot, SCV  
  58  4:31  Banshee  
  59  4:34  Barracks, Marine, SCV  
  59  4:36  SCV  
  59  4:37  Barracks  
  65  4:39  SCV  
  65  4:40  Orbital Command  
  65  4:42  Refinery  
  65  4:43  Refinery  
  66  4:46  Factory Reactor, SCV  
  66  4:47  Supply Depot  
  66  4:51  SCV  
  66  4:52  Marine  
  69  4:57  Supply Depot  
  69  4:58  Engineering Bay x2  
  69  4:59  SCV  
  70  5:06  SCV  
  71  5:07  SCV  
  71  5:11  SCV  
  73  5:17  Supply Depot  
  73  5:18  SCV  
  73  5:19  SCV  
  75  5:24  Command Center  
  75  5:27  SCV  
  75  5:28  Starport Reactor  
  76  5:30  Supply Depot, SCV  
  76  5:31  Siege Tank, Supply Depot, SCV  
  76  5:32  Marine x2  
  76  5:35  Marine x2  
  84  5:39  Terran Infantry Weapons Level 1, Terran Infantry Armor Level 1  
  84  5:40  SCV  
  86  5:43  SCV  
  86  5:44  Marine  
  86  5:47  SCV  
  89  5:51  Bunker  
  89  5:52  SCV, Marine  
  89  5:54  Marine x2  
  89  5:55  Combat Shield, SCV  
  94  6:03  Siege Tank  
  94  6:04  Marine  
  97  6:06  Marine  
  97  6:08  SCV  
  97  6:10  Medivac, Marine  
  103  6:13  SCV x2  
  103  6:15  Supply Depot, Medivac  
  107  6:19  Marine  
  107  6:20  SCV, Marine  
  107  6:21  Barracks  
  107  6:22  Barracks, Marine  
  107  6:24  Refinery  
  107  6:25  SCV, Refinery  
  112  6:28  Supply Depot, Marine  
  112  6:30  Marine, SCV  
  115  6:33  SCV, Supply Depot  
  115  6:37  Marine x2  
  115  6:38  Armory  
  118  6:40  Marine  
  118  6:46  SCV, Marine  
  121  6:48  Siege Tank, Marine  
  125  6:55  Marine x2  
  125  6:56  Factory, SCV  
  125  6:57  Supply Depot  
  125  6:58  Marine  
  125  7:00  Supply Depot  
  129  7:03  Marine  
  129  7:04  SCV x2  
  129  7:06  Marine  
  133  7:08  Barracks Reactor  
  133  7:09  SCV  
  133  7:10  Barracks Tech Lab  
  133  7:11  Medivac x2  
  133  7:13  Marine  
  139  7:16  Planetary Fortress  
  139  7:19  Marine  
  139  7:22  Marine x2  
  139  7:25  SCV x2  
  139  7:26  Marine  
  139  7:28  Siege Tank  
  148  7:30  SCV  
  148  7:37  SCV x2  
  148  7:40  Supply Depot  
  148  7:41  Factory Tech Lab, Marauder  
  148  7:42  SCV  
  153  7:44  Medivac  
  153  7:46  Marauder, Marine  
  153  7:48  Supply Depot  
  158  7:56  Terran Infantry Weapons Level 2  
  158  7:59  Barracks  
  158  8:00  Barracks, Siege Tank  
  158  8:01  Barracks  
  161  8:06  Terran Infantry Armor Level 2  
  161  8:07  Marine  
  161  8:09  SCV  
  163  8:19  Command Center, Refinery x2  
  166  8:20  Siege Tank, Marauder, Marine  
  166  8:23  Marauder, Marine  
  166  8:25  SCV  
  172  8:31  SCV x3  
  172  8:33  Terran Vehicle Weapons Level 1  
  173  8:36  Marine  
  173  8:37  Marine, Ghost Academy  
  175  8:42  Marauder  
  175  8:44  Marauder  
  175  8:45  Marine x4  
  178  8:51  Command Center  
  177  9:09  Supply Depot  
  177  9:14  Supply Depot  
  177  9:15  Command Center  
  175  9:25  Barracks Tech Lab x2  
  175  9:30  Ghost, SCV, Marine x3  
  181  9:35  Siege Tank, SCV x2, Marine x3  
  189  9:51  Barracks Tech Lab  
  189  9:54  Supply Depot  
  189  9:55  Command Center  
  189  9:56  Command Center, Engineering Bay  
  189  10:02  SCV  
  189  10:04  Ghost  
  189  10:05  SCV  
  189  10:07  Sensor Tower  
  189  10:08  Ghost  
  189  10:09  Siege Tank  
  189  10:14  Planetary Fortress, SCV  
  194  10:16  Sensor Tower, Ghost x2  
  199  10:28  Siege Tank  
  199  10:35  Command Center  
  199  10:36  Planetary Fortress  
  199  10:39  Missile Turret  
  199  10:48  Terran Infantry Armor Level 3, Terran Infantry Weapons Level 3  
  199  10:57  Missile Turret  
  199  11:00  Siege Tank  
  199  11:16  Orbital Command, Missile Turret  
  199  11:18  Command Center  
  199  11:20  Command Center, Missile Turret  
  199  11:21  Missile Turret  
  199  11:22  Missile Turret, Starport  
  199  11:23  Sensor Tower  
  199  11:25  Fusion Core  
  199  11:28  Siege Tank, Marine  
  200  11:37  Planetary Fortress  
  200  11:39  Siege Tank  
  194  11:44  Command Center  
  194  11:47  Engineering Bay  
  194  11:52  Missile Turret  
  194  11:53  Missile Turret  
  194  11:54  Ghost  
  194  11:55  Refinery  
  194  12:00  Orbital Command, Siege Tank  
  199  12:12  Starport Reactor, Advanced Ballistics  
  199  12:14  Personal Cloaking  
  195  12:24  Ghost  
  195  12:26  Ghost  
  193  12:30  Marauder, Marine  
  193  12:34  Siege Tank  
  182  12:38  Orbital Command x2  
  182  12:43  Ghost  
  182  12:49  Liberator  
  187  12:58  Ghost  
  189  13:02  Bunker  
  189  13:03  Orbital Command  
  189  13:04  Supply Depot  
  189  13:06  Ghost  
  189  13:08  Command Center  
  191  13:14  Marine  
  191  13:15  Marauder  
  194  13:22  Siege Tank  
  194  13:24  Marauder, Marine  
  194  13:27  Supply Depot  
  200  13:31  Marauder, Marine  
  200  13:32  Marine  
  195  13:41  Marauder, Marine x2  
  178  13:42  Marauder, Marine  
  178  13:48  Marauder, Marine  
  170  13:51  Siege Tank, Marine  
  170  13:53  Marauder  
  171  13:56  Marine  
  171  13:58  Marine  
  171  14:00  Siege Tank  
  171  14:01  Marine x2  
  178  14:03  Marine, Marauder  
  178  14:06  SCV, Marine  
  178  14:09  Marine  
  182  14:10  Marauder  
  182  14:14  Marauder, Marine  
  182  14:16  Marine, SCV x5  
  191  14:18  Marine  
  191  14:19  Marine  
  191  14:21  Marine  
  191  14:22  SCV  
  191  14:24  Marauder, Marine, SCV  
  196  14:26  Marine  
  196  14:27  SCV  
  196  14:31  Marine x2  
  196  14:32  SCV  
  196  14:34  Marine  
  196  14:35  Marine  
  200  14:39  Orbital Command  
  196  14:53  Marauder  
  176  15:01  Medivac x2  
  176  15:06  Missile Turret  
  180  15:07  Sensor Tower  
  180  15:10  Command Center  
  180  15:12  Command Center  
  180  15:27  Barracks Tech Lab  
  179  15:29  Starport  
  179  15:31  Barracks Tech Lab, Medivac x2  
  183  15:39  SCV x6  
  183  15:41  Barracks  
  183  15:42  SCV, Refinery  
  190  15:46  SCV x2  
  192  15:50  Ghost  
  192  15:51  Marine x2, SCV  
  192  15:52  Marine x3  
  200  15:57  Missile Turret  
  200  15:59  Refinery  
  200  16:00  Missile Turret x2  
  200  16:01  Medivac x2  
  200  16:03  Marine  
  200  16:04  Ghost  
  179  16:05  Marauder  
  179  16:09  Marine x4  
  179  16:10  Marauder  
  172  16:19  Siege Tank  
  172  16:20  Marauder  
  172  16:21  Marauder  
  178  16:26  Marauder  
  178  16:27  Marine x2  
  178  16:28  Siege Tank  
  178  16:29  Command Center  
  178  16:31  Command Center, Marauder  
  187  16:33  Marauder  
  189  16:40  Ghost  
  189  16:42  Ghost  
  189  16:44  SCV  
  189  16:45  SCV x2  
  196  16:47  Ghost  
  196  16:48  Marine  
  196  16:49  Marine  
  200  17:06  Starport Reactor  
  200  17:07  Command Center  
  200  17:11  Orbital Command  
  190  17:18  Ghost  
  170  17:22  Marine  
  170  17:23  Marauder  
  170  17:25  Marauder, Marine  
  170  17:27  SCV x8  
  170  17:29  Liberator  
  174  17:38  Medivac  
  176  17:44  Medivac  
  176  17:51  Sensor Tower  
  179  17:56  Siege Tank x2, Barracks Tech Lab  
  179  17:57  Liberator  
  188  18:05  Ghost x4  
  188  18:08  Medivac  
  188  18:12  Liberator  
  199  18:13  Command Center  
  199  18:16  Marine  
  199  18:17  Command Center  
  196  18:20  Marauder, Marine  
  186  18:28  Marine  
  186  18:31  Marine  
  186  18:33  Marine  
  169  18:34  Orbital Command, Marine x5  
  169  18:38  Marine  
  157  18:41  Marine  
  157  18:42  Siege Tank  
  157  18:46  Marine  
  157  18:47  SCV x2  
  164  18:49  Marine  
  164  18:51  Marine  
  164  18:52  Marauder x2, Marine x2  
  172  18:59  Liberator x3, Ghost  
  172  19:00  Liberator  
  186  19:03  Command Center  
  186  19:09  Ghost x2  
  186  19:13  Ghost x2  
  194  19:21  Sensor Tower  
  194  19:29  Marine  
  194  19:30  Marauder  
  194  19:31  Marine  
  180  19:32  Marine  
  177  19:39  Marauder x2  
  177  19:40  Marine  
  177  19:42  Siege Tank, Liberator  
  177  19:44  Siege Tank  
  187  19:52  Marauder, Marine  
  190  19:59  Marauder x2  
  184  20:00  Marauder, Marine  
  184  20:01  Marine  
  184  20:02  Marauder  
  190  20:08  Marine  
  190  20:09  Planetary Fortress  
  190  20:13  Marine  
  190  20:14  Marauder  
  191  20:23  Refinery  
  191  20:25  Refinery  
  191  20:27  Siege Tank, Marine  
  189  20:29  Sensor Tower, Marine  
  189  20:32  Missile Turret  
  189  20:33  Marine x2  
  189  20:34  Marine  
  193  20:42  Marine x3  
  184  20:46  Marine x3  
  184  20:47  Marine  
  174  21:06  Marauder, Marine  
  174  21:09  Marine  
  174  21:10  Marine, Marauder  
  174  21:11  Marine, Marauder  
  182  21:14  Siege Tank  
  182  21:16  Marauder, Marine  
  189  21:23  SCV x4  
  189  21:24  SCV  
  189  21:25  SCV  
  196  21:26  Marine  
  196  21:27  Marine  
  196  21:32  SCV  
  198  21:36  Sensor Tower, SCV  
  199  21:40  Marine  
  200  22:00  SCV  
  194  22:07  Command Center  
  194  22:08  Siege Tank  
  193  22:10  Sensor Tower  
  193  22:12  SCV  
  191  22:17  Siege Tank  
  191  22:18  SCV  
  193  22:26  Liberator  
  192  22:36  Marine  
  166  22:37  Marine  
  166  22:40  Siege Tank  
  166  22:41  Medivac x2  
  152  22:49  Siege Tank, Marine  
  152  22:50  Marauder  
  158  22:53  Marine x2  
  158  22:54  Marauder x2  
  158  22:55  Orbital Command  
  164  23:10  Marauder, Marine  
  167  23:13  SCV x7  
  167  23:19  Siege Tank, Marine  
  178  23:33  Orbital Command  
  178  23:38  SCV  
  178  23:41  Sensor Tower  
  179  23:42  Missile Turret  
  179  23:47  Siege Tank  
  181  23:50  SCV  
  181  23:51  Siege Tank  
  181  23:52  Marine  
  181  23:53  Marauder  
  185  23:57  Ghost  
  185  24:02  SCV  
  186  24:09  Liberator x2  
  192  24:10  Refinery  
  192  24:13  Refinery  
  192  24:18  Marauder, Marine  
  192  24:19  Siege Tank, Marine  
  192  24:23  Siege Tank  
  193  24:28  Ghost x3  
  179  24:43  Planetary Fortress  
  179  24:47  Marauder x2, Marine x2  
  179  24:51  Marine  
  186  24:53  Marine  
  186  24:55  Marine  
  186  24:56  Siege Tank  
  186  24:58  Marauder  
  190  25:01  Marine  
  190  25:02  Marauder  
  190  25:05  Marine  
  189  25:08  Marine  
  189  25:09  Marauder  
  177  25:28  Siege Tank  
  176  25:36  Marine  
  176  25:41  Ghost, Medivac x2  
  176  25:42  Concussive Shells  
  177  25:46  Marauder, Marine  
  177  25:48  Liberator  
  183  25:55  Marauder, Marine  
  183  25:56  Marine  
  189  25:57  Marauder  
  189  25:58  SCV  
  189  26:00  Siege Tank  
  193  26:06  Marine  
  189  26:17  Marine  
  144  26:21  Marine x3  
  144  26:22  Marauder  
  144  26:24  Marine  
  148  26:25  Marine  
  148  26:26  Refinery  
  148  26:32  Siege Tank  
  149  26:42  Marauder, Marine  
  149  26:43  SCV x2  
  149  26:46  SCV  
  149  26:47  SCV  
  145  26:50  SCV  
  146  26:57  SCV  
  147  27:02  Missile Turret  
  147  27:03  SCV  
  147  27:04  Siege Tank  
  147  27:05  SCV  
  147  27:07  Sensor Tower  
  152  27:10  Orbital Command  
  152  27:11  Unknown  
  148  27:23  Marine  
  148  27:24  Marine  
  148  27:25  Marauder  
  151  27:30  Marine  
  151  27:31  Marine  
  151  27:33  SCV x2  
  151  27:36  SCV  
Show
View Real Time Build Order
Export as new Build Order

Solar Zerg 

Build Orders: Hatch First, Lurkers 

Get SALT Encoding   

  12  0:00  Drone  
  13  0:07  Drone  
  13  0:12  Extractor  
  13  0:15  Drone  
  15  0:36  Hatchery  
  15  0:41  Extractor, Drone  
  15  0:47  Overlord  
  15  1:02  Spawning Pool  
  14  1:05  Drone  
  14  1:08  Drone  
  16  1:13  Drone  
  16  1:17  Drone  
  18  1:27  Drone  
  19  1:40  Drone  
  20  1:48  Queen x2  
  20  1:49  Zergling x2  
  20  1:52  Overlord  
  25  1:59  Drone x2  
  27  2:11  Drone x2  
  29  2:18  Hatchery  
  29  2:21  Extractor  
  27  2:23  Drone  
  27  2:29  Queen  
  30  2:31  Drone  
  30  2:34  Drone  
  32  2:38  Overlord  
  32  2:42  Drone  
  32  2:43  Drone  
  34  2:56  Drone x2  
  34  2:57  Drone x3  
  39  3:04  Queen  
  41  3:08  Drone  
  41  3:09  Overlord  
  42  3:13  Queen  
  44  3:29  Drone x5  
  44  3:31  Metabolic Boost  
  44  3:32  Queen  
  51  3:36  Drone x2  
  51  3:39  Drone  
  51  3:41  Overlord  
  54  3:44  Drone x2  
  56  3:50  Drone x2  
  56  3:51  Overlord  
  58  3:58  Queen  
  58  3:59  Drone  
  58  4:00  Drone x2  
  58  4:02  Drone x2  
  65  4:05  Drone  
  65  4:06  Overlord  
  66  4:10  Queen  
  66  4:14  Zergling x2  
  66  4:15  Zergling x6  
  72  4:18  Drone x2  
  72  4:20  Overlord  
  74  4:24  Overlord  
  74  4:26  Drone x3  
  74  4:28  Drone  
  74  4:31  Drone  
  79  4:38  Queen, Hatchery  
  81  4:42  Drone x3  
  81  4:44  Lair  
  83  4:47  Extractor  
  83  4:49  Extractor, Spore Crawler  
  83  4:50  Zergling x6  
  83  4:51  Zergling x2  
  84  4:53  Drone  
  84  4:54  Drone  
  84  4:57  Overlord  
  84  4:58  Drone x2  
  84  4:59  Drone  
  89  5:04  Drone x3, Evolution Chamber  
  89  5:05  Evolution Chamber  
  89  5:06  Drone  
  90  5:08  Spore Crawler  
  90  5:10  Extractor x2  
  90  5:12  Drone x2  
  90  5:13  Drone  
  90  5:15  Spore Crawler  
  90  5:18  Overlord  
  90  5:19  Drone x3  
  92  5:22  Drone x3  
  92  5:28  Zergling x4  
  97  5:30  Drone  
  97  5:33  Zerg Ground Armor Level 1  
  97  5:34  Zerg Melee Weapons Level 1  
  98  5:38  Baneling Nest, Overlord  
  98  5:40  Drone x3  
  98  5:41  Spore Crawler  
  99  5:44  Overseer  
  99  5:46  Zergling x8  
  99  5:47  Zergling x2  
  99  5:49  Drone  
  105  5:52  Queen  
  105  5:54  Drone x3  
  109  6:00  Zergling x2  
  109  6:01  Zergling x6  
  113  6:08  Overlord  
  113  6:10  Drone x2  
  114  6:14  Zergling x10  
  114  6:16  Overlord  
  119  6:22  Drone, Centrifugal Hooks  
  119  6:25  Drone x5  
  125  6:27  Extractor  
  125  6:31  Overlord  
  124  6:33  Baneling x10  
  124  6:34  Baneling  
  124  6:36  Baneling x2  
  124  6:37  Drone x2  
  124  6:39  Zergling x4, Hatchery  
  127  6:40  Zergling x2  
  127  6:41  Zergling x2  
  127  6:42  Zergling x4  
  127  6:44  Hydralisk Den  
  127  6:46  Overlord x2  
  130  6:48  Zergling x4  
  130  6:50  Baneling x2  
  130  6:51  Drone x2  
  134  6:55  Overlord  
  134  6:57  Zergling x6  
  134  7:00  Overlord  
  137  7:03  Zergling x12  
  137  7:06  Overlord  
  143  7:09  Overseer  
  143  7:13  Hydralisk x4, Grooved Spines  
  151  7:18  Zergling x6  
  151  7:22  Overlord  
  151  7:24  Zergling x2  
  151  7:26  Zergling x10, Baneling x9  
  156  7:30  Zergling x14  
  156  7:34  Zerg Ground Armor Level 2  
  156  7:36  Zerg Melee Weapons Level 2  
  163  7:38  Zergling x4  
  163  7:41  Hydralisk  
  163  7:42  Hydralisk x2  
  171  7:44  Zergling x4  
  171  7:50  Zergling x8, Baneling  
  177  7:52  Baneling  
  177  7:53  Baneling x2  
  177  7:54  Drone  
  178  7:59  Zergling x6  
  178  8:05  Zergling x16, Infestation Pit  
  187  8:11  Drone x3  
  189  8:13  Overlord  
  189  8:17  Overlord  
  189  8:18  Overlord x2  
  189  8:19  Muscular Augments  
  189  8:22  Extractor  
  189  8:24  Hatchery  
  182  8:32  Hydralisk x3  
  182  8:33  Zergling x4  
  190  8:34  Overlord  
  190  8:37  Baneling x9  
  190  8:38  Zergling x20  
  194  8:42  Zergling x12  
  194  8:45  Hydralisk  
  194  8:48  Zergling x2  
  189  8:51  Hive  
  189  8:53  Zergling x6  
  189  8:54  Drone  
  191  8:56  Drone  
  191  9:00  Pneumatized Carapace  
  191  9:01  Drone x3  
  195  9:03  Lurker Den  
  195  9:05  Hydralisk  
  195  9:07  Drone  
  195  9:09  Spore Crawler  
  196  9:11  Drone  
  196  9:13  Drone x2  
  199  9:23  Baneling  
  199  9:24  Baneling x3  
  192  9:25  Baneling x20  
  192  9:28  Zergling x18  
  200  9:31  Hatchery  
  200  9:37  Extractor  
  198  9:43  Drone  
  198  9:44  Drone  
  200  9:47  Hatchery  
  200  9:49  Zergling x2  
  200  9:50  Zerg Missile Weapons Level 1  
  197  10:03  Zergling x14  
  197  10:04  Zergling x2  
  197  10:06  Zergling x4  
  200  10:13  Zergling x4  
  199  10:24  Overseer  
  199  10:25  Hatchery  
  199  10:27  Drone  
  199  10:30  Seismic Spines  
  199  10:33  Zerg Ground Armor Level 3  
  197  10:57  Viper  
  197  11:12  Hydralisk  
  197  11:27  Adaptive Talons  
  194  11:33  Viper  
  194  11:36  Zergling x2  
  194  11:37  Zergling x40  
  199  11:47  Nydus Network  
  198  12:06  Baneling x6  
  198  12:18  Hatchery  
  198  12:20  Zergling x30  
  189  12:28  Hydralisk x3  
  189  12:29  Zergling x16  
  174  12:30  Zergling x42  
  174  12:31  Zergling x10, Extractor  
  174  12:35  Zergling x4  
  188  12:42  Lurker x9  
  196  12:45  Hydralisk, Baneling  
  196  12:46  Zergling x2, Baneling x14  
  196  12:49  Burrow  
  199  13:08  Nydus Canal  
  199  13:09  Overseer x2  
  196  13:14  Zergling x16  
  199  13:24  Nydus Canal  
  197  13:35  Hydralisk x2  
  197  13:36  Zergling x10  
  197  13:38  Zergling x32  
  183  13:42  Zergling x36  
  183  13:46  Hydralisk x2  
  183  13:47  Hydralisk  
  196  13:49  Zergling x8  
  196  13:53  Nydus Canal  
  196  13:54  Zergling x6  
  200  13:59  Zergling x6  
  194  14:08  Baneling x14  
  194  14:09  Baneling x3  
  185  14:10  Hydralisk x6  
  185  14:11  Zergling x12  
  185  14:13  Zerg Missile Weapons Level 2  
  185  14:14  Zerg Melee Weapons Level 3  
  200  14:20  Baneling x15  
  200  14:21  Baneling  
  200  14:23  Zergling x2  
  198  14:34  Drone  
  198  14:35  Zergling x6  
  198  14:37  Nydus Canal  
  199  14:40  Baneling x4  
  199  14:41  Baneling  
  199  14:42  Spore Crawler  
  199  14:43  Spore Crawler  
  195  14:46  Zergling x8  
  195  14:49  Hydralisk  
  193  14:58  Hatchery  
  159  15:00  Zergling x2, Hydralisk x3  
  159  15:01  Zergling x60  
  159  15:02  Nydus Canal  
  195  15:07  Lurker  
  195  15:08  Lurker x4  
  200  15:18  Baneling x2  
  199  15:27  Nydus Canal  
  196  15:29  Zergling x6  
  199  15:36  Baneling x11  
  199  15:49  Hatchery  
  199  15:54  Nydus Canal  
  199  16:00  Zergling x12  
  199  16:01  Zergling x14  
  199  16:03  Zergling x2  
  199  16:04  Zergling x38  
  198  16:08  Hydralisk x3  
  198  16:09  Zergling x8  
  191  16:13  Nydus Canal  
  191  16:16  Hydralisk x7  
  191  16:18  Zergling x10  
  199  16:23  Zergling x12  
  199  16:26  Baneling  
  199  16:28  Baneling x10  
  199  16:29  Baneling x8  
  199  16:31  Baneling x12  
  199  16:32  Nydus Canal  
  199  16:41  Baneling x9  
  199  17:01  Drone, Hatchery  
  199  17:15  Zergling x40  
  192  17:20  Hydralisk x2  
  176  17:24  Hydralisk x3  
  176  17:25  Zergling x34  
  188  17:31  Zergling x16  
  188  17:35  Baneling x6  
  188  17:36  Zergling x8  
  200  17:43  Spore Crawler  
  199  17:46  Baneling x9  
  199  17:47  Zergling x2, Baneling x5  
  199  17:48  Zergling x2  
  199  17:49  Overseer  
  199  18:00  Baneling x13  
  199  18:09  Drone  
  199  18:12  Adrenal Glands  
  198  18:13  Drone x2  
  198  18:16  Nydus Canal  
  196  18:32  Zergling x44  
  197  18:40  Hydralisk x3  
  189  18:41  Zergling x22  
  199  18:59  Spore Crawler  
  199  19:01  Baneling x20  
  198  19:03  Overlord x2  
  198  19:04  Overseer x3  
  197  19:20  Overlord  
  197  19:22  Zergling x4  
  199  19:28  Zergling x40  
  199  19:29  Zergling x6  
  199  19:30  Zergling x6  
  200  19:35  Zergling x22  
  182  19:40  Hydralisk x8  
  193  19:48  Hydralisk x3  
  193  19:51  Drone x5  
  193  19:52  Drone x2  
  196  19:54  Drone  
  196  19:59  Baneling  
  193  20:00  Baneling x8  
  193  20:03  Zergling x2  
  193  20:04  Zergling x12  
  200  20:09  Baneling x5  
  200  20:17  Zergling x2  
  200  20:19  Zergling x2  
  200  20:23  Zergling x2  
  200  20:25  Hatchery  
  200  20:27  Zergling x10  
  194  20:40  Viper x3  
  194  20:42  Viper  
  184  20:43  Infestor, Hydralisk x7  
  184  20:48  Zergling x8  
  185  20:57  Hydralisk x2  
  185  21:00  Hydralisk x5  
  185  21:01  Zergling x18  
  185  21:03  Baneling  
  185  21:04  Baneling x14  
  192  21:06  Overseer, Hydralisk x3  
  198  21:17  Zergling x8  
  199  21:30  Drone x3  
  200  21:38  Hatchery  
  183  21:51  Zergling x24  
  183  21:52  Drone  
  183  21:53  Drone x8  
  198  21:57  Infestor  
  198  21:58  Drone x2  
  195  22:01  Hatchery  
  195  22:02  Baneling x5  
  195  22:06  Drone  
  195  22:07  Drone x5  
  199  22:11  Drone  
  164  22:39  Hydralisk x2  
  164  22:40  Zergling x16  
  164  22:42  Zergling x2, Overlord x4  
  164  22:43  Overlord  
  170  22:45  Overlord  
  167  22:51  Zergling x2  
  167  22:52  Zergling x6  
  167  22:57  Overlord  
  171  22:59  Baneling x5  
  171  23:01  Zergling x6  
  171  23:05  Zergling x6  
  177  23:07  Overseer  
  177  23:10  Zergling x6  
  178  23:15  Lurker x4  
  178  23:17  Lurker  
  178  23:18  Lurker  
  184  23:20  Lurker  
  184  23:21  Lurker  
  184  23:24  Lurker  
  184  23:26  Hatchery  
  181  23:33  Spore Crawler  
  178  23:35  Overseer  
  178  23:39  Drone x3  
  179  23:45  Hydralisk x3  
  179  23:48  Drone x3  
  176  23:52  Hydralisk  
  176  23:55  Hydralisk  
  176  23:58  Overseer  
  178  24:06  Hydralisk x3  
  178  24:07  Zergling x2, Hydralisk x2  
  187  24:11  Zergling x6  
  187  24:12  Zergling x2  
  181  24:17  Hydralisk x2  
  181  24:24  Zergling x8  
  176  24:27  Zergling x4  
  162  24:33  Zergling x8  
  162  24:36  Viper  
  148  24:40  Baneling x5  
  148  24:44  Zergling x4  
  149  24:47  Zergling x4  
  149  24:48  Zergling x2  
  149  24:51  Zergling x2  
  153  24:54  Zergling x4  
  153  24:58  Zergling x6  
  157  25:01  Zergling x4  
  157  25:02  Overseer  
  157  25:04  Infestor  
  159  25:07  Zergling x2  
  159  25:10  Zergling x4  
  153  25:19  Zergling x12  
  153  25:21  Zergling x2  
  140  25:29  Zergling x10  
  140  25:35  Overseer  
  145  25:36  Unknown, Hydralisk  
  145  25:37  Zergling x2  
  145  25:39  Unknown  
  145  25:40  Zergling x2  
  145  25:42  Hydralisk  
  148  25:43  Zergling x2  
  149  25:52  Nydus Canal  
  149  25:55  Zergling x12  
  154  26:01  Hydralisk  
  154  26:02  Zergling x2  
  154  26:05  Zergling x4  
  154  26:08  Zergling x4  
  144  26:11  Zergling x2  
  144  26:12  Zergling x4  
  132  26:20  Hydralisk  
  132  26:21  Zergling x6  
  102  26:43  Baneling x6  
  102  26:46  Baneling  
  102  26:49  Hatchery  
  101  26:58  Drone  
  101  27:00  Baneling  
  102  27:08  Drone  
  102  27:19  Zergling x6  
  104  27:24  Zergling x2  
  105  27:31  Zergling x4  

Tags
 
Add a new tag
Caveats
  • Supply blocks, unpowered buildings, or Contaminate may cause inaccurate times.
  • Supply counts are checked every 10 seconds.